 Dungeon Crawl Stone Soup version 0.27-a0-901-g8736458 (webtiles) character file.

Game seed: 6029468641591443915

203 Nithhogg the Skirmisher (level 5, -3/42 HPs)
             Began as a Demonspawn Fighter on Apr 5, 2021.
             Succumbed to a gnoll's poison
             ... on level 3 of the Dungeon.
             The game lasted 00:03:20 (2394 turns).

Nithhogg the Skirmisher (Demonspawn Fighter)        Turns: 2394, Time: 00:03:21

Health: -3/42      AC:  8    Str: 18    XL:     5   Next: 51%
Magic:  7/7        EV: 14    Int:  9    God:
Gold:   102        SH:  0    Dex: 12    Spells: 4/4 levels left

rFire    . . .     SeeInvis .   a - +0 long sword
rCold    . . .     Faith    .   (no shield)
rNeg     . . .     Spirit   .   b - +0 scale mail
rPois    .         Reflect  .   (helmet restricted)
rElec    .         Harm     .   (no cloak)
rCorr    .         Rampage  .   (no gloves)
Will     .....                  (no boots)
Stlth    ..........             (no amulet)
HPRegen  0.14/turn              i - +4 ring of evasion
MPRegen  0.10/turn              (no ring)

@: lethally poisoned (-3 -> -46)
A: horns 1, powered by pain 1, sharp scales 2
a: no special abilities


You were on level 3 of the Dungeon.
You visited 1 branch of the dungeon, and saw 3 of its levels.

You collected 102 gold pieces.

Inventory:

Hand Weapons
 a - a +0 long sword (weapon)
Armour
 b - a +0 scale mail (worn)
 c - a +0 kite shield
Jewellery
 i - a +4 ring of evasion (left hand)
 j - a ring of fire
 k - an amulet of the acrobat
Scrolls
 e - 2 scrolls of identify {unknown}
 h - 2 scrolls of enchant armour {unknown}
 m - a scroll of teleportation {unknown}
 n - a scroll of enchant weapon {unknown}
 o - a scroll of silence {unknown}
Potions
 d - a potion of might
 f - 2 potions of curing {unknown}
 g - a potion of heal wounds {unknown}
 l - a potion of flight {unknown}


   Skills:
 + Level 3.9 Fighting
 + Level 2.8 Long Blades
 + Level 3.4 Armour
 + Level 1.9 Dodging
 - Level 2.6 Shields
 + Level 3.0 Invocations


You had 4 spell levels left.
You didn't know any spells.
Your spell library contained the following spells:

 Spells                   Type           Power      Damage    Failure   Level
 Confusing Touch          Hex            0%         N/A       98%         3
 Gell's Gravitas          Tloc           0%         N/A       98%         3
 Petrify                  Tmut/Erth      0%         N/A       100%        4
 Metabolic Englaciation   Hex/Ice        0%         N/A       100%        5
 Yara's Violent Unravell  Hex/Tmut       0%         3d3       100%        5


Dungeon Overview and Level Annotations

Branches:
Dungeon (3/15)

Altars:

Shops:
D:1 :


Innate Abilities, Weirdness & Mutations

You have a pair of small horns on your head.
You sometimes gain a little power by taking damage.
You are mostly covered in razor-sharp scales. (AC +2, Slay +2)


Message History

A gnoll comes into view. It is wielding a +0 club.
The gnoll shouts! x2
The gnoll throws a throwing net.
The throwing net closely misses you. The gnoll hits you but does no damage.
You see here a bat corpse.
You slash the gnoll!
The gnoll is severely wounded.
The gnoll misses you.
You riposte.
You barely miss the gnoll.
The gnoll is severely wounded.
You hit the gnoll.
You kill the gnoll!
A gnoll comes into view. It is wielding a +0 spear.
The gnoll shouts!
The gnoll hits you from afar with a +0 spear of venom.
You are poisoned.
The gnoll moves out of view.
You see here a +0 club.
You feel very sick. The gnoll hits you but does no damage.
You are more poisoned.
You hit the gnoll.
The gnoll is heavily wounded.
You feel very sick.
You barely miss the gnoll.
The gnoll is heavily wounded.
You feel very sick. The gnoll barely misses you. x2
You closely miss the gnoll.
The gnoll is heavily wounded.
You feel very sick.
The gnoll hits you with a +0 spear of venom!
* * * LOW HITPOINT WARNING * * *
You are lethally poisoned!
The gnoll closely misses you.
The gnoll hits you with a +0 spear of venom!
* * * LOW HITPOINT WARNING * * *
You are more poisoned.
You are too injured to fight recklessly!
You are too injured to fight recklessly!
You die...

########## #
######.........
#.#<.@.g.........
#.#####†.....###
#.... #.g........
#..#.###......####
#...†(..†........
#>...............#
##.###.##.#.####..
# .g...#.# .
......#.#


You could see 2 gnolls.

Vanquished Creatures
  Crazy Yiuf (D:2)
  Jessica (D:2)
  Natasha (thrice) (D:2)
  3 adders (D:2)
  A gnoll (D:3)
  A worm (D:3)
  4 bats
  A giant cockroach (D:2)
  6 goblins
  2 hobgoblins (D:1)
  A quokka (D:1)
  7 ball pythons
  2 frilled lizards (D:2)
  2 kobolds (D:1)
  3 rats
38 creatures vanquished.

Notes
Turn   | Place    | Note
-------+----------+-------------------------------------------
     0 | D:1      | Nithhogg the Demonspawn Fighter began the quest for the
                  | Orb.
     0 | D:1      | Reached XP level 1. HP: 18/18 MP: 1/1
   245 | D:1      | Gained mutation: You are partially covered in razor-sharp
                  | scales. (AC +1, Slay +1) [demonic ancestry]
   245 | D:1      | Reached XP level 2. HP: 24/24 MP: 2/2
   296 | D:1      | Reached skill level 1 in Invocations
   478 | D:1      | Found Gas Ysem's Book Shop.
   687 | D:1      | Found a faded altar of an unknown god.
   902 | D:2      | Noticed Jessica
   908 | D:2      | Killed Jessica
   909 | D:2      | Reached skill level 1 in Dodging
   909 | D:2      | Gained mutation: You sometimes gain a little power by
                  | taking damage. [demonic ancestry]
   909 | D:2      | Reached XP level 3. HP: 27/29 MP: 2/4
  1066 | D:2      | Gained mutation: You are mostly covered in razor-sharp
                  | scales. (AC +2, Slay +2) [demonic ancestry]
  1066 | D:2      | Reached XP level 4. HP: 33/35 MP: 5/5
  1425 | D:2      | Noticed Natasha
  1438 | D:2      | Killed Natasha
  1801 | D:2      | Noticed Natasha
  1807 | D:2      | Killed Natasha
  1821 | D:2      | Found a runed translucent door.
  1822 | D:2      | Noticed Crazy Yiuf
  1897 | D:2      | Killed Crazy Yiuf
  1898 | D:2      | Gained mutation: You have a pair of small horns on your
                  | head. [demonic ancestry]
  1898 | D:2      | Reached XP level 5. HP: 11/42 MP: 5/7
  2315 | D:2      | Noticed Natasha
  2324 | D:2      | Killed Natasha
  2394 | D:3      | Succumbed to a gnoll's poison

Illustrated notes

Levels and vault maps discovered:
D:1:      lemuel_arrival_muddy, layout_loops_cross, serial_shops,
          nicolae_shop_crystal, basic_ecumenical_altar
D:2:      layout_basic, kennysheep_cross_room, uniq_jessica, uniq_natasha,
          uniq_crazy_yiuf_cottage
D:3:      layout_basic

Skill      XL: |  1  2  3  4  5 |
---------------+----------------+-----
Long Blades    | 2 |  2.8
Invocations    | 1 2 3 |  3.0
Armour         | 3 |  3.4
Dodging        | 1 |  1.9
Fighting       | |  3.9
Shields        | |  2.6

Action                   |  1- 3 |  4- 6 || total
-------------------------+-------+-------++-------
Melee: Long sword        |    63 |    44 ||   107
       Headbutt          |       |     3 ||     3
  Use: Potion            |       |     1 ||     1
Armor: Scale mail        |    25 |     8 ||    33
Dodge: Dodged            |    49 |    33 ||    82
       Rpst.: Long sword |    19 |    10 ||    29

Table legend: (Time is in decaauts)
 A = Elapsed time spent in this place.
 B = Non-inter-level travel time spent in this place.
 C = Inter-level travel time spent in this place.
 D = Time resting spent in this place.
 E = Time spent auto-exploring this place.
 F = Levels seen in this place.
 G = Mean time per level.
                   A        B        C        D        E       F      G
               +--------+--------+--------+--------+--------+-----+--------+
         Total |   2435 |   2275 |    160 |    215 |   1672 |   3 |  811.7 |
       Dungeon |   2435 |   2275 |    160 |    215 |   1672 |   3 |  811.7 |
               +--------+--------+--------+--------+--------+-----+--------+

Top non-repeatable levels by time:
     D:2: 1478 daAuts
     D:1: 914 daAuts
     D:3: 43 daAuts
